Map: [ESL] Tropical Sacrifice

Players

MaNa

  • Race: Protoss Protoss
  • Spawn Location: 7:00

BattleB - Winner!

  • Race: Terran Terran
  • Spawn Location: 1:00

Event: DreamHack SC2 Masters 2022 Atlanta (Online)

VOD

Have the link to the VOD?

Description

Time

  • Played on: Oct. 9, 2022, 10:50 a.m.
  • Length: 12:59

All games in this series

Show
View Real Time Build Order
Export as new Build Order

MaNa Protoss 

Build Orders: 1 Gate Expand, Oracle Opening, Colossus Rush 

Get SALT Encoding   

  12  0:00  Probe  
  13  0:12  Probe  
  14  0:18  Pylon  
  14  0:24  Probe (Chrono Boost)  
  15  0:36  Probe (Chrono Boost)  
  15  0:39  Gateway  
  16  0:44  Probe (Chrono Boost)  
  16  0:48  Assimilator  
  17  0:50  Probe  
  18  1:03  Probe  
  19  1:15  Probe  
  20  1:26  Cybernetics Core  
  20  1:28  Probe  
  21  1:40  Nexus  
  21  1:47  Pylon  
  21  1:51  Probe  
  22  1:56  Assimilator  
  22  2:02  Adept (Chrono Boost)  
  22  2:06  Probe  
  24  2:20  Stargate  
  24  2:22  Probe (Chrono Boost)  
  25  2:26  Adept  
  27  2:34  Probe (Chrono Boost)  
  28  2:37  Warp Gate  
  28  2:40  Probe (Chrono Boost)  
  30  2:52  Probe (Chrono Boost)  
  30  2:54  Probe (Chrono Boost)  
  30  2:58  Adept  
  33  3:02  Probe (Chrono Boost)  
  33  3:04  Probe (Chrono Boost)  
  35  3:07  Oracle, Probe (Chrono Boost)  
  39  3:14  Probe  
  39  3:19  Probe  
  41  3:27  Probe (Chrono Boost), Gateway  
  41  3:31  Probe (Chrono Boost)  
  41  3:32  Pylon  
  44  3:42  Probe (Chrono Boost)  
  44  3:44  Probe (Chrono Boost)  
  44  3:47  Probe (Chrono Boost)  
  43  3:50  Probe  
  45  3:57  Robotics Facility, Probe  
  45  3:58  Assimilator  
  45  4:01  Phoenix  
  45  4:02  Probe, Assimilator  
  49  4:12  Probe  
  49  4:14  Probe  
  51  4:17  Pylon  
  51  4:24  Probe  
  51  4:30  Phoenix  
  54  4:33  Pylon  
  54  4:35  Probe  
  54  4:36  Probe  
  56  4:45  Twilight Council, Robotics Bay  
  56  4:47  Probe  
  56  4:48  Probe  
  58  4:55  Phoenix  
  58  4:56  Immortal (Chrono Boost)  
  64  5:06  Probe x2, Pylon  
  66  5:17  Nexus  
  66  5:19  Probe  
  66  5:20  Probe  
  68  5:30  Colossus (Chrono Boost)  
  74  5:37  Probe x2  
  74  5:40  Sentry  
  78  5:43  Pylon  
  78  5:53  Pylon  
  78  5:54  Pylon  
  78  5:58  Shield Battery  
  78  6:01  Probe x2  
  80  6:08  Charge  
  80  6:10  Sentry  
  82  6:13  Probe x2  
  82  6:17  Colossus (Chrono Boost)  
  84  6:22  Shield Battery  
  90  6:25  Probe x2  
  90  6:27  Gateway  
  92  6:36  Probe  
  92  6:37  Zealot x2  
  92  6:38  Probe x2  
  97  6:41  Forge  
  97  6:46  Extended Thermal Lance  
  99  6:48  Probe  
  99  6:51  Probe x2  
  98  7:04  Zealot x2  
  101  7:15  Pylon  
  101  7:17  Phoenix  
  101  7:20  Pylon  
  90  7:28  Protoss Ground Weapons Level 1 (Chrono Boost)  
  88  7:31  Gateway  
  88  7:32  Pylon  
  88  7:33  Colossus (Chrono Boost)  
  88  7:36  Nexus  
  94  7:41  Zealot x2, Stalker  
  94  7:44  Pylon  
  100  7:46  Probe x2  
  102  7:58  Probe x2  
  104  8:07  Zealot x2, Stalker  
  110  8:15  Pylon x2  
  110  8:17  Pylon  
  110  8:20  Photon Cannon  
  110  8:24  Probe  
  110  8:31  Pylon  
  110  8:32  Pylon  
  110  8:33  Probe  
  111  8:35  Templar Archives  
  111  8:36  Probe  
  111  8:38  Shield Battery  
  111  8:40  Observer (Chrono Boost)  
  113  8:45  Probe  
  113  8:46  Gateway  
  113  8:48  Gateway  
  114  8:49  Probe  
  114  8:54  Shield Battery  
  115  8:57  Probe  
  115  9:01  Probe  
  112  9:04  Probe  
  112  9:09  Nexus, Probe  
  114  9:13  Probe  
  114  9:14  High Templar x4  
  114  9:16  Probe  
  124  9:18  Archon x2  
  124  9:20  Pylon  
  124  9:23  Robotics Facility  
  124  9:28  Assimilator, Protoss Ground Armor Level 1 (Chrono Boost)  
  124  9:29  Probe x3  
  124  9:31  Assimilator  
  127  9:40  Photon Cannon  
  127  9:41  Shield Battery, Probe x2  
  127  9:43  Blink  
  127  9:45  High Templar x2  
  133  9:48  Robotics Facility  
  133  9:52  Probe  
  134  9:53  Probe  
  134  9:54  Probe  
  136  10:00  Archon  
  136  10:04  Probe  
  136  10:07  Disruptor (Chrono Boost), Zealot x4  
  147  10:22  Stalker  
  149  10:32  Zealot x5  
  159  10:36  Observer  
  159  10:39  Disruptor (Chrono Boost)  
  159  10:50  Disruptor (Chrono Boost)  
  159  10:53  Stalker x6  
  174  11:07  Disruptor (Chrono Boost)  
  164  11:23  Stalker x6  
  164  11:24  Disruptor (Chrono Boost)  
  158  11:34  Probe  
  158  11:35  Disruptor (Chrono Boost), Probe x2  
  125  11:46  Stalker x5  
  119  11:47  Probe x2  
  119  11:51  Photon Cannon  
  116  11:56  Stalker  
  116  11:58  Disruptor (Chrono Boost)  
  117  12:03  Probe x3  
  119  12:09  Zealot x5  
  119  12:13  Assimilator  
  129  12:16  Assimilator  
  120  12:23  Stalker  
  123  12:30  Gateway  
  123  12:32  Zealot x5  
  123  12:34  Gateway  
  95  12:46  Zealot x3  
  100  12:52  Stalker x2  
Show
View Real Time Build Order
Export as new Build Order

BattleB Terran - Winner!

Build Orders: Reaper Expand 

Get SALT Encoding   

  12  0:00  SCV  
  13  0:12  SCV  
  14  0:17  Supply Depot  
  14  0:24  SCV  
  15  0:39  SCV  
  15  0:40  Barracks  
  16  0:44  Refinery  
  16  0:51  SCV  
  17  1:03  SCV  
  18  1:15  SCV  
  19  1:28  Reaper, Orbital Command  
  20  1:44  Command Center  
  20  1:51  Supply Depot  
  20  1:55  SCV  
  20  2:01  Marine  
  22  2:07  SCV  
  23  2:11  Factory  
  23  2:23  SCV, Bunker  
  23  2:24  Barracks Reactor  
  24  2:31  Refinery  
  24  2:35  SCV  
  25  2:47  SCV  
  26  2:55  Orbital Command  
  26  2:58  Starport  
  26  2:59  SCV  
  26  3:02  Widow Mine, Marine  
  30  3:06  Marine  
  30  3:11  SCV  
  32  3:20  Marine  
  32  3:22  SCV  
  32  3:23  SCV  
  32  3:24  Marine  
  32  3:25  Widow Mine  
  38  3:32  Supply Depot  
  38  3:35  SCV, Medivac  
  38  3:38  SCV  
  42  3:43  Marine x2  
  42  3:47  SCV  
  45  3:49  Factory Tech Lab  
  44  3:57  Supply Depot  
  44  3:58  SCV  
  44  3:59  SCV  
  44  4:01  Marine x2  
  48  4:09  Cyclone, Barracks  
  51  4:12  SCV x2  
  53  4:19  Barracks  
  53  4:21  Supply Depot  
  53  4:24  SCV x2  
  53  4:26  Marine x2  
  53  4:28  Starport Tech Lab  
  57  4:34  Engineering Bay  
  57  4:36  Refinery  
  57  4:38  SCV x2  
  59  4:46  Marine x2  
  59  4:50  SCV x2  
  63  4:56  Supply Depot, Factory Reactor  
  63  5:00  Starport Reactor  
  63  5:02  SCV x2, Terran Infantry Weapons Level 1  
  63  5:03  Stimpack, Marine  
  66  5:07  Refinery, Marine x2  
  68  5:15  SCV x2  
  68  5:17  Combat Shield  
  68  5:19  Supply Depot  
  68  5:20  Marauder  
  72  5:22  Marauder  
  72  5:25  Supply Depot  
  72  5:27  Marine x2  
  76  5:31  SCV x2  
  78  5:40  Medivac x2  
  78  5:41  Widow Mine x2  
  86  5:47  Supply Depot, Marauder  
  86  5:48  Marauder  
  88  5:50  Marine x2  
  88  6:08  Widow Mine x2, Marine  
  88  6:09  Marine  
  88  6:10  Marauder  
  88  6:11  Command Center  
  96  6:12  Marauder  
  96  6:17  Medivac  
  100  6:20  Medivac  
  98  6:33  Barracks x2  
  98  6:34  SCV x2  
  95  6:40  Marauder x2, Marine x2  
  95  6:43  Concussive Shells  
  101  6:47  Widow Mine x2  
  101  6:49  SCV x2  
  107  6:58  Marine  
  107  7:01  SCV, Marine  
  107  7:02  Marauder x2  
  107  7:04  SCV  
  107  7:07  Supply Depot  
  108  7:09  Terran Infantry Armor Level 1  
  108  7:13  SCV  
  109  7:16  SCV  
  109  7:20  Marine  
  109  7:21  Supply Depot  
  107  7:25  SCV  
  107  7:27  Barracks Reactor, Barracks Tech Lab  
  107  7:28  Marauder x2  
  106  7:32  Orbital Command  
  106  7:35  Marine  
  107  7:38  SCV x2  
  107  7:39  Marine  
  110  7:47  Viking x2  
  114  7:53  SCV x2  
  114  7:55  Marine  
  114  7:57  Missile Turret  
  117  7:58  Ghost Academy, SCV  
  117  8:00  Marine  
  119  8:07  Marauder x2, Marine x2  
  119  8:09  Marine  
  127  8:12  SCV  
  127  8:13  SCV x2  
  127  8:14  Refinery  
  127  8:15  Refinery  
  127  8:16  Supply Depot  
  127  8:19  Viking x2  
  133  8:20  Starport  
  133  8:23  Marine  
  133  8:25  Marine  
  134  8:28  SCV x3  
  134  8:32  Bunker  
  134  8:34  Enhanced Shockwaves  
  135  8:35  Supply Depot  
  135  8:36  Supply Depot  
  135  8:40  SCV x2  
  135  8:41  Ghost  
  137  8:45  Ghost  
  137  8:46  Ghost  
  143  8:55  SCV x2  
  136  9:03  Marine  
  136  9:05  Viking x2, Medivac x2  
  136  9:06  Marine x2  
  136  9:07  Marine  
  136  9:12  Ghost  
  136  9:14  Ghost  
  136  9:19  Armory  
  136  9:20  Marauder  
  136  9:23  Marine  
  139  9:26  Marine  
  139  9:27  Marine  
  139  9:30  Marine  
  142  9:40  Command Center  
  142  9:44  Marauder x2, Marine  
  142  9:45  Marauder, Marine  
  150  9:48  Marine  
  150  9:49  Viking x2  
  150  9:51  Marine  
  156  10:02  Marine  
  156  10:05  Terran Infantry Weapons Level 2  
  156  10:06  Engineering Bay, Marauder x3, Terran Ship Weapons Level 1  
  163  10:09  Marine x2  
  165  10:17  Supply Depot  
  165  10:20  Supply Depot  
  165  10:27  Marine x2  
  165  10:32  Terran Infantry Armor Level 2  
  165  10:34  Supply Depot  
  165  10:36  Supply Depot  
  165  10:38  Marine x2  
  165  10:39  Marauder x2  
  170  10:46  Marauder  
  170  10:47  Marine x2  
  171  10:50  Viking x2  
  175  10:59  Supply Depot, SCV x3  
  175  11:00  Supply Depot, Marauder x2  
  175  11:02  Marine x2  
  184  11:05  Medivac x2  
  184  11:09  Marine x2  
  182  11:23  Medivac x2  
  182  11:24  Ghost x2  
  188  11:25  Marauder, Marine  
  188  11:26  Marine  
  189  11:33  Marine  
  189  11:36  Marine  
  180  11:42  Planetary Fortress  
  180  11:43  Marine x2  
  163  11:47  Marauder  
  163  11:48  Medivac x2  
  163  11:51  Marine  
  161  11:55  Marine  
  161  11:57  Barracks, Marauder  
  161  11:58  Barracks, Marauder  
  161  12:00  Barracks  
  162  12:07  Marine x2  
  166  12:08  Marauder  
  166  12:10  Marine  
  166  12:14  Marine  
  160  12:19  Marauder x2  
  157  12:25  Marine  
  157  12:27  Marine  
  157  12:28  Marine  
  157  12:30  Marauder  
  157  12:35  Marine  
  156  12:41  Refinery  
  156  12:42  Refinery  
  164  12:49  Barracks Tech Lab  
  164  12:50  Barracks Reactor, Barracks Tech Lab  
Tags
 
Add a new tag
Caveats
  • Supply blocks, unpowered buildings, or Contaminate may cause inaccurate times.
  • Supply counts are checked every 10 seconds.